 Dungeon Crawl Stone Soup version 0.29-a0-297-g7659ce593d (webtiles) character file.

Game seed: 658958814538402205

127 kae the Firebug (level 5, 0/30 HPs)
             Began as a Tengu Fire Elementalist on Mar 21, 2022.
             Slain by an adder (1 damage)
             ... on level 3 of the Dungeon.
             The game lasted 00:01:45 (2972 turns).

kae the Firebug (Tengu Fire Elementalist)           Turns: 2972, Time: 00:01:46

Health: 0/30       AC:  3    Str:  8    XL:     5   Next: 11%
Magic:  6/10       EV: 14    Int: 18    God:
Gold:   138        SH:  0    Dex: 14    Spells: 3/9 levels left

rFire   . . .      SeeInvis .   j - +0 dagger
rCold   . . .      Faith    .   (no shield)
rNeg    . . .      Spirit   .   a - +1 robe
rPois   .          Reflect  .   (helmet restricted)
rElec   .          Harm     .   (no cloak)
rCorr   .          Rampage  .   (no gloves)
Will    .....                   (boots unavailable)
Stlth   ++........              (no amulet)
HPRegen 0.10/turn               (no ring)
MPRegen 0.12/turn               (no ring)

@: flying quickly and evasively, quick
A: beak, talons 3, nimble flight
a: no special abilities


You were on level 3 of the Dungeon.
You visited 1 branch of the dungeon, and saw 3 of its levels.

You collected 138 gold pieces.

Inventory:

Hand Weapons
 j - a +0 dagger (weapon)
Missiles
 e - 2 throwing nets
Armour
 a - a +1 robe (worn)
 q - a +0 pair of gloves
Jewellery
 p - an amulet of regeneration
Wands
 g - a wand of polymorph (7)
 l - a wand of digging (3)
Scrolls
 d - 2 scrolls of identify
 h - 2 scrolls of fog {unknown}
 m - a scroll of amnesia {unknown}
 o - a scroll of teleportation
Potions
 b - a potion of magic
 c - 2 potions of brilliance
 f - 3 potions of mutation
 i - a potion of berserk rage
 k - 2 potions of curing
 n - a potion of attraction


   Skills:
 + Level 1.7 Fighting
 - Level 2.1 Dodging
 - Level 2.0 Stealth
 + Level 2.7 Spellcasting
 + Level 3.0 Conjurations
 * Level 4.6 Fire Magic


You had 3 spell levels left.
You knew the following spells:

 Your Spells              Type           Power      Damage    Failure   Level
a - Foxfire               Conj/Fire      64%        2x1d7     3%          1
b - Scorch                Fire           38%        2d7       3%          2
c - Conjure Flame         Conj/Fire      16%        6-21      11%         3

Your spell library contained the following spells:

 Spells                   Type           Power      Damage    Failure   Level
 Searing Ray              Conj           26%        2d5       8%          2
 Sting                    Tmut/Pois      8%         1d3       17%         1
 Summon Small Mammal      Summ           8%         N/A       17%         1
 Inner Flame              Hex/Fire       10%        N/A       19%         3
 Call Canine Familiar     Summ           2%         N/A       45%         3
 Frozen Ramparts          Ice            4%         1d2       45%         3
 Summon Guardian Golem    Hex/Summ       2%         N/A       45%         3
 Flame Wave               Conj/Fire      16%        2d6       34%         4
 Ice Form                 Ice/Tmut       2%         N/A       86%         4
 Summon Ice Beast         Ice/Summ       2%         N/A       86%         4
 Iron Shot                Conj/Erth      3%         9d2       100%        6
 Necromutation            Tmut/Necr      1%         N/A       100%        8


Dungeon Overview and Level Annotations

Branches:
Dungeon (3/15)

Altars:
Hepliaklqana
Zin


Innate Abilities, Weirdness & Mutations

You have a beak for a mouth.
You have claws for feet.
Your magical nature lets you fly swiftly and evasively.


Message History

You hear a shout! x2
The gnoll sergeant misses you.
You hear an angry hiss.
The gnoll sergeant misses you.
The gnoll sergeant hits you from afar with a +0 spear!
Casting: Scorch (safe; 3% risk of failure)
Confirm with . or Enter, or press ? or * to list all spells.
Flames lash the gnoll sergeant.
The gnoll sergeant is burned terribly!
The gnoll sergeant is heavily wounded.
The gnoll sergeant closely misses you.
An orc comes into view. It is wielding a +0 flail.
The gnoll sergeant hits you but does no damage.
Casting: Scorch (safe; 3% risk of failure)
Confirm with . or Enter, or press ? or * to list all spells.
Flames lash the gnoll sergeant.
The gnoll sergeant is burned terribly!
The gnoll sergeant is severely wounded.
The gnoll sergeant closely misses you. The orc closely misses you.
The gnoll sergeant hits you from afar with a +0 spear.
The orc misses you.
The gnoll sergeant hits you from afar with a +0 spear!
* * * LOW HITPOINT WARNING * * *
The gnoll shouts!
Okay, then.
An orc comes into view. It is wielding a +0 club.
The gnoll sergeant is no longer more vulnerable to fire.
An adder comes into view.
Found a book of Cantrips.
The adder hisses angrily.
The orc shouts!
You hear a shout!
You hit the orc. Your peck misses the orc.
The orc is heavily wounded.
The orc hits you but does no damage. The gnoll closely misses you.
The gnoll sergeant hits you from afar with a +0 spear.
* * * LOW HITPOINT WARNING * * *
The orc completely misses you. The adder attacks as you move away!
The adder completely misses you. The orc closely misses you.
The adder bites you.
* * * LOW HITPOINT WARNING * * *
The adder bites you.
You die...

#.##......#.# #
#.##........ . #.
#.##.>...... ..#
.:#.##.##.....# #.#
.......##.....# #.#
#.......g.## #.#
#..#.og..o.# #.# #.#####S#
#.# # #.#####@#### #.# #.
#g##.......###.########
#..#o#.......#.##.#......##
#.......##..###.#.#.##.....
##.#.......## ##..#.##.#.##
#........#.###.###.##....#
#####.#...#.#.## #.##.#...
..# #.#...#..## #........
#.# #....[..## #........


You could see a gnoll sergeant, an adder and an orc.

Vanquished Creatures
  3 gnolls (D:3)
  3 adders
  3 worms
  A dart slug (D:2)
  An orc (D:3)
  3 ball pythons
  3 bats
  6 endoplasms
  3 giant cockroaches
  6 hobgoblins
  3 jackals (D:2)
  7 frilled lizards
  6 goblins
  8 kobolds
  4 rats
60 creatures vanquished.

Vanquished Creatures (others)
  192 foxfires
192 creatures vanquished.

Grand Total: 252 creatures vanquished

Notes
Turn   | Place    | Note
-------+----------+-------------------------------------------
     0 | D:1      | kae the Tengu Fire Elementalist began the quest for the
                  | Orb.
     0 | D:1      | Reached XP level 1. HP: 10/10 MP: 4/4
   140 | D:1      | Found a faded altar of an unknown god.
   392 | D:1      | Reached XP level 2. HP: 16/16 MP: 3/6
  1300 | D:2      | Reached XP level 3. HP: 20/20 MP: 4/7
  1346 | D:2      | Reached skill level 1 in Fighting
  1457 | D:2      | Reached skill level 4 in Fire Magic
  1752 | D:2      | Reached XP level 4. HP: 25/25 MP: 3/8
  1859 | D:2      | Learned a level 2 spell: Scorch
  1863 | D:2      | Learned a level 3 spell: Conjure Flame
  2165 | D:2      | Found a hazy altar of Hepliaklqana.
  2246 | D:3      | Found a glowing silver altar of Zin.
  2305 | D:3      | Got the Reference Book on Damaging Changing
  2614 | D:3      | Gained mutation: Your magical nature lets you fly swiftly
                  | and evasively. [Tengu growth]
  2614 | D:3      | Reached XP level 5. HP: 30/30 MP: 1/10
  2970 | D:3      | HP: 1/30 [adder (3)]
  2972 | D:3      | Slain by an adder

Illustrated notes

Levels and vault maps discovered:
D:1:      lemuel_arrival_rhombus, layout_basic,
          hellmonk_ecumenical_altar_zigzags, minmay_unequal
D:2:      layout_rooms, basic_altar
D:3:      layout_loops_cross, zin_scriptorium, kennysheep_nondescript

Skill      XL: |  1  2  3  4  5 |
---------------+----------------+-----
Conjurations   | 2 3 |  3.0
Fighting       | 1 |  1.7
Fire Magic     | 4 |  4.6
Dodging        | |  2.1
Stealth        | |  2.0
Spellcasting   | |  2.7

Action                   |  1- 3 |  4- 6 || total
-------------------------+-------+-------++-------
Melee: Unarmed           |     1 |       ||     1
       Dagger            |     2 |     3 ||     5
       Kick              |       |     1 ||     1
       Peck              |       |     1 ||     1
 Cast: Foxfire           |    69 |    46 ||   115
       Scorch            |       |     3 ||     3
  Use: Scroll            |       |    11 ||    11
Armor: Robe              |     1 |     3 ||     4
Dodge: Dodged            |    15 |    12 ||    27

Table legend: (Time is in decaauts)
 A = Elapsed time spent in this place.
 B = Non-inter-level travel time spent in this place.
 C = Inter-level travel time spent in this place.
 D = Time resting spent in this place.
 E = Time spent auto-exploring this place.
 F = Levels seen in this place.
 G = Mean time per level.
                   A        B        C        D        E       F      G
               +--------+--------+--------+--------+--------+-----+--------+
         Total |   2947 |   2829 |    118 |     68 |   2331 |   3 |  982.3 |
       Dungeon |   2947 |   2829 |    118 |     68 |   2331 |   3 |  982.3 |
               +--------+--------+--------+--------+--------+-----+--------+

Top non-repeatable levels by time:
     D:1: 1150 daAuts
     D:2: 1125 daAuts
     D:3: 671 daAuts
